 Dungeon Crawl Stone Soup version 0.21-a0-426-g98080a9 (webtiles) character file.

50 splatterpode the Ruffian (level 3, 0/26 HPs)
             Began as an Octopode Fighter on Nov 5, 2017.
             Succumbed to an adder's poison
             ... on level 2 of the Dungeon.
             The game lasted 00:01:47 (2452 turns).

splatterpode the Ruffian (Octopode Fighter)         Turns: 2452, Time: 00:01:48

Health: 0/26       AC:  1    Str: 20    XL:     3   Next: 79%
Magic:  3/3        EV: 11    Int: 10    God:
Gold:   91         SH:  9    Dex: 12    Spells: 2/2 levels left

rFire    . . .     SeeInvis .     - Unarmed
rCold    . . .     Gourm    .   a - +0 shield
rNeg     . . .     Faith    .   (helmet restricted)
rPois    .         Spirit   .   (no amulet)
rElec    .         Reflect  .   (no ring)
rCorr    .         Harm     .   (no ring)
MR       .....                  (no ring)
Stlth    ++........             (no ring)
HPRegen  0.08/turn              (no ring)
MPRegen  0.08/turn              (no ring)
                                (no ring)
                                (no ring)

@: mighty, lethally poisoned (0 -> -13)
A: almost no armour, stealthy swim, amphibious, 8 rings, constrict 8, camouflage
1, gelatinous body 1
a: no special abilities


You were on level 2 of the Dungeon.
You were hungry.

You visited 1 branch of the dungeon, and saw 3 of its levels.

You collected 91 gold pieces.

Inventory:

Armour
 a - a +0 shield (worn)
Wands
 i - a wand of acid (7/15)
Scrolls
 d - 2 scrolls of identify {unknown}
 e - a scroll of teleportation {unknown}
 f - a scroll of magic mapping {unknown}
 h - 3 scrolls of remove curse {unknown}
 j - a scroll of fear {unknown}
 k - a scroll of amnesia {unknown}
 m - a scroll of fog {unknown}
Comestibles
 c - a bread ration
 l - a royal jelly


   Skills:
 - Level 3.0 Fighting
 - Level 3.0 Dodging
 - Level 3.0 Shields
 + Level 4.0 Unarmed Combat


You had 2 spell levels left.
You didn't know any spells.

Dungeon Overview and Level Annotations

Branches:
Dungeon (3/15)

Altars:


Innate Abilities, Weirdness & Mutations

You cannot wear most types of armour.
You are very stealthy in the water. (Stealth+)
You are amphibious.
You can wear up to eight rings at the same time.
You can use your tentacles to constrict eight enemies at once.
Your skin changes colour to match your surroundings (Stealth+).
Your rubbery body absorbs attacks. (AC +1, EV +1)


Message History

* * * LOW HITPOINT WARNING * * *
The adder closely misses you.
You feel very mighty all of a sudden.
* * * LOW HITPOINT WARNING * * *
You feel sick. The adder misses you.
You barely miss the adder. Your grab misses the adder.
Your squeeze misses the adder. The adder completely misses you.
You barely miss the adder. Your grab misses the adder.
* * * LOW HITPOINT WARNING * * *
You feel sick. The adder bites you.
* * * LOW HITPOINT WARNING * * *
You are more poisoned.
The adder poisons you!
You closely miss the adder. You grab the adder. You constrict the adder.
* * * LOW HITPOINT WARNING * * *
You feel sick. The adder closely misses you. The adder barely misses you.
You tentacle-slap the adder.
The adder is heavily wounded.
You constrict the adder.
You die...

#..8...8...8...8.###.............
###.≈.≈.≈.≈.≈.≈.####.######...###
##.####.###.(....#.# #...# # #.#
#.# #.####.#.# ####...# # #.# #.#
#.# #.#.# #......### #.# #.#
#.####.#.###.##...... ####.## #.#
#.##.........##.###.# ......# #.#
#.##.#.#.######.# #.. ####..# #.#
#.##@#.#.......(###.# #..# #.#
#.#S...########.....# #..# #.#
#......# ###.### ###..###.#
###...## ##'## #........# ##.##
##...## #.#..###.# #.####
##.....# ##.#...##.# #.##.##
##.......
##.#...##.######.#...####........
'.......................+........


You could see an adder.

Vanquished Creatures
  A howler monkey skeleton (D:2)
  An adder (D:2)
  A worm (D:3)
  A dart slug (D:1)
  2 leopard geckos (D:2)
  2 goblins
  3 hobgoblins (D:2)
  A ball python (D:2)
  A frilled lizard (D:2)
  6 kobolds
  6 rats
25 creatures vanquished.

Notes
Turn   | Place    | Note
-------+----------+-------------------------------------------
     0 | D:1      | splatterpode the Octopode Fighter began the quest for the Orb.
     0 | D:1      | Reached XP level 1. HP: 16/16 MP: 1/1
   803 | D:1      | Reached XP level 2. HP: 21/21 MP: 2/2
  1306 | D:2      | Reached skill level 3 in Unarmed Combat
  1573 | D:2      | Reached XP level 3. HP: 19/26 MP: 3/3
  2410 | D:3      | Reached skill level 4 in Unarmed Combat
  2451 | D:2      | HP: 1/26 [poisoned by an adder]
  2452 | D:2      | Succumbed to an adder's poison

Vault maps used:
D:1:      matt_arrival_spirals
D:2:      kennysheep_crisscross
D:3:      nemelex_spade_bored_becter, uniq_grinder

Skill      XL: |  1  2  3 |
---------------+----------+-----
Unarmed Combat | 3 4 |  4.0
Fighting       | |  3.0
Dodging        | |  3.0
Shields        | |  3.0

Action                   || total
-------------------------++-------
Melee: Unarmed           ||    61
       Constrict         ||    15
       Tentacles         ||     9
       Punch             ||     1
  Use: Potion            ||     2
 Stab: Sleeping          ||     6
  Eat: Chunk             ||     4
Dodge: Dodged            ||    24
Block: Shield            ||    17

Table legend:
 A = Spawn XP
 B = Non-spawn XP
 C = Spawn XP percentage of total XP
 D = Spawn monster count
 E = Non-spawn monster count
 F = Spawn count percentage of total count
 G = Total turns spent on level
                    A         B        C        D         E        F      G
               +---------+---------+-------+---------+---------+-------+---------
         Total |       0 |      72 |   0.0 |       0 |      25 |   0.0 |  2452
               +---------+---------+-------+---------+---------+-------+---------
           D:1 |       0 |      12 |   0.0 |       0 |       6 |   0.0 |  1130
           D:2 |       0 |      50 |   0.0 |       0 |      15 |   0.0 |  1278
           D:3 |       0 |      10 |   0.0 |       0 |       4 |   0.0 |    44
               +---------+---------+-------+---------+---------+-------+---------
